 Dungeon Crawl Stone Soup version 0.32-a0-913-g739538afd8 (webtiles) character file.

Game seed: 4643509975199842216

3187 Biggs the Grappler (level 9, -3/87 (91) HPs)
             Began as an Octopode Shapeshifter on Apr 8, 2024.
             Slain by a wight
             ... wielding a +3 war axe
              (11 damage)
             ... on level 7 of the Dungeon.
             The game lasted 00:15:34 (7337 turns).

Biggs the Grappler (Octopode Shapeshifter)          Turns: 7337, Time: 00:15:34

HP:   -3/87 (91)    AC: 24    Str: 17    XL:     9   Next: 95%
MP:   9/9           EV:  2    Int: 12    God:
Gold: 329           SH:  0    Dex: 12    Spells: 8/8 levels left

rFire   . .          .
                       - Unarmed
rCold   . . .        (no shield)
rNeg    . . .        (helmet currently unavailable)
rPois   +            (no amulet)
rElec   .            (no ring)
rCorr   .            (no ring)
SInv    .            (no ring)
Will    .....        (no ring)
Stlth   +++          (no ring)
HPRegen 0.34/turn    (no ring)
MPRegen 0.11/turn    (no ring)
                     (no ring)

%: no passive effects
@: tree-form, studying Air Magic, lightly drained
A: stationary, stasis, torment immunity, boosted hp, almost no armour,
(amphibious), 8 rings, (camouflage 1), (gelatinous body 1), (nimble swimmer 1),
(tentacles)
a: no special abilities


You were on level 7 of the Dungeon.
You were a tree.
You visited 2 branches of the dungeon, and saw 9 of its levels.

You collected 483 gold pieces.
You spent 154 gold pieces at shops.

Inventory:

Missiles
 d - 2 curare-tipped darts (quivered)
 o - a throwing net
Jewellery
 u - an amulet of magic regeneration
Talismans
 b - a beast talisman
 c - a flux talisman (active)
 v - a blade talisman
Wands
 q - a wand of iceblast (8)
 r - a wand of quicksilver (7)
Scrolls
 f - a scroll of vulnerability
 i - 4 scrolls of amnesia
 j - a scroll of enchant armour
 l - a scroll of silence
 m - 3 scrolls of teleportation
 n - a scroll of enchant weapon
 p - a scroll of blinking {unknown}
Potions
 e - 4 potions of attraction
 g - a potion of resistance {unknown}
 h - a potion of haste {unknown}
 s - a potion of brilliance {unknown}
 t - 2 potions of mutation {unknown}


   Skills:
 - Level 5.0 Fighting
 - Level 4.2 Dodging
 - Level 6.2 Stealth
 + Level 8.1 Unarmed Combat
 - Level 5.0 Evocations
 - Level 7.0 Shapeshifting


You had 8 spell levels left.
You didn't know any spells.
Your spell library contained the following spells:

 Spells                   Type           Power      Damage    Failure   Level
 Magic Dart               Conj           0%         1d3       32%         1
 Slow                     Hex            0%         N/A       32%         1
 Sting                    Conj/Alch      0%         1d3       32%         1
 Blink                    Tloc           0%         N/A       45%         2
 Call Imp                 Summ           0%         N/A       45%         2
 Mercury Vapours          Alch/Air       0%         N/A       45%         2
 Confusing Touch          Hex            0%         N/A       69%         3
 Vampiric Draining        Necr           0%         2d6       69%         3
 Olgreb's Toxic Radiance  Alch           0%         N/A       97%         4


Dungeon Overview and Level Annotations

Branches:
Dungeon (8/15)             Temple (1/1) D:6
   Lair: D:8-11

Altars:
Ashenzari
Cheibriados
Dithmenos
Elyvilon
Fedhas
Gozag
Hepliaklqana
Kikubaaqudgha
Nemelex Xobeh
Okawaru
Qazlal
Ru
Sif Muna
Uskayaw
Vehumet
Xom
Yredelemnul
Zin
The Shining One

Shops:
D:4 :   D:5 **

Annotations:
D:3 4 runed translucent doors, Crazy Yiuf; horus123's ghost, weakling DECj
Temple 2 transporters


Innate Abilities, Weirdness & Mutations

You are a tree.
Your roots penetrate the ground, keeping you stationary.
You cannot be teleported.
You are immune to unholy pain and torment.
Your maximum health is greatly increased.
You cannot wear most types of armour.
((You are amphibious.))
You can wear up to eight rings at the same time.
((Your skin changes colour to match your surroundings (Stealth+).))
((Your rubbery body absorbs attacks. (AC +1, EV +1)))
((You are camouflaged when in or above water. (Stealth+)))
((You have tentacles for arms and can constrict up to eight enemies at once.))


Message History

Unknown command.
The wight closely misses you.
You climb upwards.
There is a stone staircase leading down here.
Unknown command.
You completely miss the wight. You grab the wight. You squeeze the wight.
The wight is lightly damaged.
You constrict the wight. The wight barely misses you.
The wight hits you with a +3 long sword!
* * * LOW HITPOINT WARNING * * *
You feel drained.
* * * LOW HITPOINT WARNING * * *
Okay, then.
Okay, then.
Okay, then.
Your transformation has ended.
You turn into a tree.
Your roots penetrate the ground.
You lose your grip on the wight.
The wight hits you with a +3 war axe!
* * * LOW HITPOINT WARNING * * *
The wight hits you with a +3 long sword.
* * * LOW HITPOINT WARNING * * *
Unknown command.
You feel better. The wight hits you but does no damage.
The wight hits you with a +3 long sword.
* * * LOW HITPOINT WARNING * * *
Unknown command.
You smack the wight!
The wight is almost destroyed.
The wight hits you but does no damage. x2
Unknown command.
You pummel the wight!!
You destroy the wight!
The wight hits you but does no damage.
Unknown command.
You smack the wight!
The wight is severely damaged.
You barely miss the wight.
The wight is severely damaged.
The wight hits you with a +3 war axe!
You die...

......................#....#.....
......................#....#.....
......................'....#.....
......................##'###.....
#######.......................###
#.....'.................^.....#..
#.....#...................<...#..
#.....#........).z............#..
#.....+.........♣.............#..
#.....#.........###############..
#######.........# #.. #
#.........# #.. # #......<..# #..
#.........# ### #.........#
#.........# #.........#


You could see a wight.

Vanquished Creatures
  A troll (D:7)
  A yak (D:5)
  A black bear (D:5)
  2 ice beasts
  3 orc warriors
  A sky beast (D:7)
  2 ogres
  A centaur (D:7)
  2 phantoms
  2 kobold brigands (D:3)
  A bullfrog (D:7)
  2 gnoll sergeants
  A scorpion (D:6)
  11 wights
  4 killer bees
  3 bombardier beetles (D:5)
  3 hounds
  A jelly (D:6)
  2 iguanas
  Terence (D:3)
  2 orc wizards
  Robin (D:4)
  4 adders
  12 gnolls
  5 dart slugs
  4 ribbon worms
  20 orcs
  6 bats
  4 endoplasms
  4 giant cockroaches
  10 hobgoblins
  5 jackals
  16 kobolds
  3 quokkas
  2 ball pythons (D:3)
  2 frilled lizards
  14 goblins
  7 rats
166 creatures vanquished.

Vanquished Creatures (others)
  A goblin (D:4)
1 creature vanquished.

Grand Total: 167 creatures vanquished

Notes
Turn   | Place    | Note
-------+----------+-------------------------------------------
     0 | D:1      | Biggs the Octopode Shapeshifter began the quest for the
                  | Orb.
     0 | D:1      | Reached XP level 1. HP: 13/13 MP: 1/1
   210 | D:1      | Reached XP level 2. HP: 16/18 MP: 2/2
   634 | D:2      | Reached XP level 3. HP: 23/23 MP: 3/3
  1172 | D:2      | Found a snail-covered altar of Cheibriados.
  1309 | D:3      | Reached XP level 4. HP: 25/28 MP: 4/4
  1338 | D:3      | Found a runed translucent gate.
  1339 | D:3      | Found a runed translucent gate.
  1340 | D:3      | Found a runed translucent gate.
  1342 | D:3      | Noticed horus123's ghost (weakling DECj)
  1415 | D:3      | Noticed Terence
  1426 | D:3      | Killed Terence
  1427 | D:3      | Reached skill level 5 in Shapeshifting
  1685 | D:3      | Found a faded altar of an unknown god.
  1773 | D:3      | Found a runed translucent door.
  1774 | D:3      | Noticed Crazy Yiuf
  1865 | D:3      | Identified the +1 leather armour of the Wasteland {+Inv
                  | rElec rF+}
  1894 | D:3      | Reached XP level 5. HP: 20/33 MP: 5/5
  1995 | D:3      | Noticed a kobold brigand
  1997 | D:3      | Noticed a kobold brigand
  2025 | D:3      | Killed a kobold brigand
  2268 | D:3      | Killed a kobold brigand
  2269 | D:3      | Reached XP level 6. HP: 26/38 MP: 6/6
  2608 | D:4      | Noticed Robin
  2621 | D:3      | HP: 1/38 [goblin/+0 dagger[Robin] (1)]
  3107 | D:4      | Killed Robin
  3108 | D:4      | Reached XP level 7. HP: 27/43 MP: 7/7
  3220 | D:4      | Found a hazy altar of Hepliaklqana.
  3221 | D:4      | Found a broken altar of Ashenzari.
  3221 | D:4      | Found a shimmering altar of Xom.
  3222 | D:4      | Found a white marble altar of Elyvilon.
  3223 | D:4      | Found a stormy altar of Qazlal.
  3223 | D:4      | Found a blossoming altar of Fedhas.
  3224 | D:4      | Found a basalt altar of Yredelemnul.
  3225 | D:4      | Found a hide-covered altar of Uskayaw.
  3225 | D:4      | Found a sparkling altar of Nemelex Xobeh.
  3226 | D:4      | Found a sacrificial altar of Ru.
  3435 | D:4      | Found Zebboyci's Self-Improvement Boutique.
  3487 | D:4      | Identified the +1 trident "Coheas" {freeze, rPois Will-
                  | rCorr Stlth+}
  3525 | D:5      | Entered Level 5 of the Dungeon
  3571 | D:5      | Reached skill level 4 in Unarmed Combat
  3913 | D:5      | Found Idomy's General Store.
  3931 | D:5      | Noticed a yak
  3933 | D:5      | Reached skill level 5 in Unarmed Combat
  3959 | D:5      | Killed a yak
  3960 | D:5      | Reached skill level 6 in Unarmed Combat
  4000 | D:5      | Reached XP level 8. HP: 37/48 MP: 8/8
  4132 | D:5      | Bought a potion of heal wounds for 70 gold pieces
  4132 | D:5      | Bought a scroll of identify for 28 gold pieces
  4132 | D:5      | Bought a scroll of identify for 28 gold pieces
  4132 | D:5      | Bought a scroll of identify for 28 gold pieces
  4221 | D:5      | Reached skill level 7 in Unarmed Combat
  4446 | D:5      | Found Plog's General Store.
  5193 | D:6      | You fall into a shaft and drop 1 floor!
  5274 | D:7      | Reached skill level 5 in Fighting
  5274 | D:7      | Reached skill level 1 in Evocations
  5440 | D:7      | Reached XP level 9. HP: 54/61 MP: 9/9
  5643 | D:6      | Found a staircase to the Ecumenical Temple.
  5671 | D:6      | Found a glowing silver altar of Zin.
  5686 | Temple   | Found a transporter.
  5686 | Temple   | Found a transporter.
  5686 | Temple   | Found a transporter.
  5686 | Temple   | Found a transporter.
  5686 | Temple   | Entered the Ecumenical Temple
  5983 | D:6      | Found Waenarph's Neck Hole.
  6249 | D:7      | Reached skill level 5 in Evocations
  6466 | D:7      | Noticed a troll
  6499 | D:7      | Killed a troll
  6512 | D:7      | Reached skill level 5 in Stealth
  7329 | D:8      | Reached skill level 8 in Unarmed Combat
  7332 | D:7      | HP: 4/85 [wight/+3 long sword (4)]
  7337 | D:7      | Slain by a wight

Illustrated notes

Levels and vault maps discovered:
D:1:      orjb1_lava_funnel, layout_basic
D:2:      layout_loops_ring, basic_altar
D:3:      cheibrodos_thug_alley, layout_loops_ring, ebering_ghost_rock_garden,
          shapermc_ecumenical_altar_mp_ritualfount, uniq_terence,
          uniq_crazy_yiuf_cottage
D:4:      layout_rooms, nicolae_overflows_in_rows, nicolae_shop_self_help,
          uniq_robin
D:5:      layout_basic, serial_shops, shop, nicolae_shop_pleasant_corner_grove,
          minmay_manual_moon
D:6:      layout_cave_pods, mainiacjoe_overflow_cross_hatched,
          minmay_temple_entry_glass, nicolae_shop_sticking_my_neck_out
D:7:      layout_gridville
D:8:      layout_basic, nicolae_overflow_hidden_temple
Temple:   hellmonk_temple_divided_pantheon

Skill      XL: |  1  2  3  4  5  6  7  8  9 |
---------------+----------------------------+-----
Shapeshifting  | 4 5 6 7 |  7.0
Unarmed Combat | 6 7 8 |  8.1
Fighting       | 5 |  5.0
Evocations     | 2 5 |  5.0
Stealth        | 6 |  6.2
Dodging        | 4 |  4.2

Action                     |  1- 3 |  4- 6 |  7- 9 || total
---------------------------+-------+-------+-------++-------
  Melee: Unarmed           |    75 |    97 |   189 ||   361
         Constrict         |    19 |    22 |    53 ||    94
         Tentacles         |    10 |    18 |    56 ||    84
         Punch             |     2 |     4 |       ||     6
  Evoke: Wand              |       |       |     5 ||     5
    Use: Scroll            |       |     4 |     6 ||    10
         Potion            |       |     2 |     4 ||     6
   Stab: Sleeping          |     7 |     1 |     1 ||     9
         Distracted        |     1 |       |       ||     1
 Armour: Skin              |    30 |    69 |    90 ||   189
  Dodge: Dodged            |    22 |    75 |   159 ||   256
   Form: Flux              |       |     1 |       ||     1

Table legend: (Time is in decaauts)
 A = Elapsed time spent in this place.
 B = Non-inter-level travel time spent in this place.
 C = Inter-level travel time spent in this place.
 D = Time resting spent in this place.
 E = Time spent auto-exploring this place.
 F = Levels seen in this place.
 G = Mean time per level.
                   A        B        C        D        E       F      G
               +--------+--------+--------+--------+--------+-----+--------+
         Total |   7318 |   7027 |    291 |    754 |   5132 |   9 |  813.1 |
       Dungeon |   7132 |   6841 |    291 |    583 |   5132 |   8 |  891.5 |
        Temple |    186 |    186 |      0 |    171 |      0 |   1 |  186.0 |
               +--------+--------+--------+--------+--------+-----+--------+

Top non-repeatable levels by time:
     D:3: 1720 daAuts
     D:7: 1335 daAuts
     D:6: 1270 daAuts
     D:5: 990 daAuts
     D:2: 740 daAuts
     D:1: 536 daAuts
     D:4: 531 daAuts
  Temple: 186 daAuts
     D:8: 6 daAuts
